 Dungeon Crawl Stone Soup version 0.18-a0-1157-g59db91b (webtiles) character file.

257 Kidiri the Shield-Bearer (level 6, -3/40 HPs)
             Began as a Gargoyle Fighter on Jan 23, 2016.
             Killed by divine providence
             ... invoked by an orc priest
              (12 damage)
             ... on level 4 of the Dungeon.
             The game lasted 00:08:21 (2619 turns).

Kidiri the Shield-Bearer (Gargoyle Fighter)         Turns: 2619, Time: 00:08:21

Health: -3/40      AC: 12    Str: 22    XL:     6   Next: 16%
Magic:  6/6        EV:  9    Int:  8    God:
Gold:   59         SH: 10    Dex:  9    Spells: 0 memorised, 5 levels left

rFire  . . .     SeeInvis .     a - +0 flail
rCold  . . .     Gourm    .     b - +0 scale mail
rNeg   + . .     Faith    .     c - +0 shield
rPois  ∞         Spirit   .     (no helmet)
rElec  +         Dismiss  .     (no cloak)
rCorr  .         Reflect  .     (no gloves)
SustAt .         Harm     .     (no boots)
MR     .....     Clarity  +     (no amulet)
Stlth  +.........               (no ring)
                                (no ring)

@: slowed, very slow, not resistant to hostile enchantments, very unstealthy
A: blurry vision 1, clarity, negative energy resistance 1, electricity
resistance, unbreathing, petrification resistance, rot immunity, subdued magic
1, AC +4
a: no special abilities


You were on level 4 of the Dungeon.
You were not hungry.

You visited 1 branch of the dungeon, and saw 6 of its levels.

You collected 59 gold pieces.

Inventory:

Hand Weapons
 a - a +0 flail (weapon)
Armour
 b - a +0 scale mail (worn)
 c - a +0 shield (worn)
Scrolls
 g - a scroll of noise
 h - a scroll of blinking {unknown}
 j - a scroll of fear {unknown}
 l - 4 scrolls of teleportation {unknown}
Potions
 m - a potion of poison
Comestibles
 f - 2 bread rations
 i - 3 meat rations


   Skills:
 + Level 5.0 Fighting
 * Level 5.0 Maces & Flails
 * Level 6.0 Armour
 + Level 2.2 Dodging
 + Level 3.6 Stealth
 * Level 6.3 Shields


You had 5 spell levels left.
You didn't know any spells.

Dungeon Overview and Level Annotations

Branches:
Dungeon (6/15)
 Temple: D:4-7

Altars:
Gozag
The Shining One

Annotations:
D:3 Robin


Innate Abilities, Weirdness & Mutations

You are resistant to torment.
Your stone body is resilient (AC +4).
You are immune to poison.
You resist negative energy.
You are resistant to electric shocks.
You can survive without breathing.
You are immune to petrification.
You are immune to rotting.
Scrolls take you a little longer to read.
You possess an exceptional clarity of mind.
Your spells are a little easier to cast, but a little less powerful.


Message History

The magic dart hits you! You block the orc's attack.
The orc wizard closely misses you.
Unknown command.
You hit the orc wizard.
The orc wizard is heavily wounded.
The orc hits you but does no damage. You block the orc wizard's attack.
Unknown command.
You sock the orc!
You kill the orc!
The orc wizard hits you but does no damage.
The orc wizard hits you with a dagger.
* * * LOW HITPOINT WARNING * * *
The orc priest hits you but does no damage.
Unknown command.
You closely miss the orc priest. The orc wizard hits you with a dagger.
* * * LOW HITPOINT WARNING * * *
The orc wizard closely misses you.
The orc priest mumbles some strange prayers to Beogh against you.
Something smites you!
You die...

### ###_### .....#
#♣...♣# # #.....# #.
♣@o.♣ #.####o##
#...##l# # #......#
###..
####..o########.....#
#........ol##...# #.#
#.....o.§.#....####>.#
..#.......####......#
. #.......####.....##


You could see an orc priest, an orc wizard and a giant newt.

Vanquished Creatures
  A crimson imp (D:6)
  A hound (D:6)
  An orc priest (D:2)
  Jessica (D:2)
  Ijyb (D:2)
  An orc wizard (D:2)
  A worm (D:2)
  2 giant geckos
  5 orcs
  4 bats
  3 giant cockroaches
  11 hobgoblins
  4 jackals
  A quokka (D:6)
  3 giant newts
  9 goblins
  3 kobolds
  4 rats
56 creatures vanquished.

Notes
Turn   | Place    | Note
--------------------------------------------------------------
     0 | D:1      | Kidiri the Gargoyle Fighter began the quest for the Orb.
     0 | D:1      | Reached XP level 1. HP: 14/14 MP: 1/1
   249 | D:1      | Reached XP level 2. HP: 14/19 MP: 2/2
   969 | D:2      | Reached skill level 4 in Fighting
   969 | D:2      | Reached skill level 5 in Armour
   969 | D:2      | Reached skill level 5 in Shields
   969 | D:2      | Reached XP level 3. HP: 22/24 MP: 3/3
   970 | D:2      | Gained mutation: You possess an exceptional clarity of mind. [potion of mutation]
   970 | D:2      | Gained mutation: Your spells are a little easier to cast, but a little less powerful. [potion of mutation]
   970 | D:2      | Gained mutation: Scrolls take you a little longer to read. [potion of mutation]
   999 | D:2      | Found a faded altar to an unknown god.
  1025 | D:2      | Noticed Ijyb
  1027 | D:2      | Reached XP level 4. HP: 30/30 MP: 4/4
  1039 | D:2      | Killed Ijyb
  1067 | D:2      | Became a worshipper of Gozag Ym Sagoz the Greedy
  1067 | D:2      | Fell from the grace of Gozag
  1166 | D:2      | Noticed Jessica
  1173 | D:2      | Killed Jessica
  1173 | D:2      | Reached skill level 6 in Shields
  1192 | D:2      | Reached XP level 5. HP: 32/34 MP: 5/5
  1975 | D:3      | Noticed Robin
  2013 | D:3      | You fall through a shaft for 3 floors!
  2281 | D:6      | Noticed an orc warrior
  2345 | D:6      | Was forgiven by Gozag
  2359 | D:6      | Reached skill level 5 in Fighting
  2359 | D:6      | Reached skill level 5 in Maces & Flails
  2359 | D:6      | Reached XP level 6. HP: 17/40 MP: 6/6
  2574 | D:5      | Entered Level 5 of the Dungeon
  2583 | D:5      | Noticed a phantom
  2612 | D:4      | Found a glowing golden altar of the Shining One.
  2619 | D:4      | Killed from afar by an orc priest

Vault maps used:
D:1:      scummos_arrival_star
D:2:      ecumenical_altar_1, uniq_jessica, uniq_iyjb
D:3:      first_bread, uniq_robin
D:4:      gammafunk_temple_overflow_pools, temple_hall, tso_altar
D:5:      uniq_eustachio

Action                   |  1- 3 |  4- 6 || total
-------------------------+-------+-------++-------
Melee: Flail             |   109 |   182 ||   291
Invok: Renounce Religion |       |     1 ||     1
  Use: Scroll            |     3 |       ||     3
       Potion            |     2 |     3 ||     5
  Eat: Chunk             |     1 |     5 ||     6
